 Dungeon Crawl Stone Soup version 0.31.0-9-g3a7656b989 (webtiles) character file.

Game seed: 9939041969634161733

154 qw the Skirmisher (level 5, 0/29 HPs)
             Began as a Deep Elf Hunter on Feb 2, 2024.
             Killed from afar by an orc wizard (4 damage)
             ... with a puff of flame
             ... on level 4 of the Dungeon.
             The game lasted 00:00:10 (2693 turns).

qw the Skirmisher (Deep Elf Hunter)                 Turns: 2693, Time: 00:00:10

Health: 0/29       AC:  7    Str:  8 (10) XL:     5   Next: 13%
Magic:  0/7        EV: 10    Int: 11 (14) God:
Gold:   86         SH:  0    Dex: 17 (18) Spells: 4/4 levels left

rFire   . . .        a - +1 shortbow (freeze)
rCold   . . .        (shield currently unavailable)
rNeg    . . .        d - +0 ring mail
rPois   .            (no helmet)
rElec   .            (no cloak)
rCorr   .            b - +0 pair of gloves
SInv    .            k - +0 pair of boots
Will    .....        f - amulet of guardian spirit
Stlth   +            (no ring)
HPRegen 0.24/turn    (no ring)
MPRegen 0.10/turn

%: guardian spirit
@: no status effects
A: no striking features
a: no special abilities


You were on level 4 of the Dungeon.
You visited 1 branch of the dungeon, and saw 4 of its levels.

You collected 135 gold pieces.
You spent 49 gold pieces at shops.


   Skills:
 - Level 1.5 Fighting
 + Level 8.5 Ranged Weapons
 - Level 2.4 Dodging
 - Level 1.2 Stealth


You had 4 spell levels left.
You didn't know any spells.
Your spell library was empty.

Inventory:

Hand Weapons
 a - a +1 shortbow of freezing (weapon)
Armour
 b - a +0 pair of gloves (worn)
 d - a +0 ring mail (worn)
 k - a +0 pair of boots (worn)
Jewellery
 f - an amulet of guardian spirit (around neck)
Scrolls
 j - 2 scrolls of teleportation
Potions
 c - a potion of enlightenment
 e - a potion of mutation

Dungeon Overview and Level Annotations

Branches:
Dungeon (4/15)
 Temple: D:4-7

Altars:

Shops:
D:3 [

Annotations:
D:3 1 runed translucent door, qw's ghost, amateur SpHu


Message History

You feel less confused. The orc hits you with a +0 club.
Something hits you but does no damage.
You shoot an arrow. The arrow closely misses the orc.
The orc barely misses you. Something hits you but does no damage.
You shoot an arrow. The arrow hits the orc!
The arrow freezes the orc.
You kill the orc!
Something hits you but does no damage.
You shoot an arrow. Something hits you but does no damage.
You shoot an arrow. Something hits you.
You shoot an arrow. Something hits you but does no damage.
You shoot an arrow.
You hear some strange, mumbled words.
A puff of flame appears from out of thin air!
The puff of flame hits you but does no damage.
Something hits you but does no damage.
You shoot an arrow. Something hits you but does no damage.
You shoot an arrow. Something hits you but does no damage.
You shoot an arrow.
You hear some strange, mumbled words.
A puff of flame appears from out of thin air!
The puff of flame hits you.
You shoot an arrow. Something hits you but does no damage.
You shoot an arrow. Something hits you.
You shoot an arrow.
You hear some strange, mumbled words.
Something tries to affect you, but you resist.
You shoot an arrow. Something hits you.
You shoot an arrow.
You hear some strange, mumbled words.
A puff of flame appears from out of thin air!
The puff of flame hits you.
You die...

####+##
.......
.......
#.###.......
#...@)......
#####{......
#+#####


There were no monsters in sight!

Vanquished Creatures
  An orc priest (D:3)
  An orc wizard (D:4)
  4 adders
  A dart slug (D:1)
  5 orcs
  7 ball pythons
  6 endoplasms
  2 giant cockroaches
  2 hobgoblins (D:2)
  A jackal (D:3)
  A quokka (D:1)
  9 bats
  2 frilled lizards
  5 goblins
  7 kobolds
  5 rats
59 creatures vanquished.

Notes
Turn   | Place    | Note
-------+----------+-------------------------------------------
     0 | D:1      | qw the Deep Elf Hunter began the quest for the Orb.
     0 | D:1      | Reached XP level 1. HP: 12/12 MP: 3/3
     0 | D:1      | 0 ||| qw: Version: 0.3-a-155-g5e7d8dd
     0 | D:1      | 0 ||| qw: Game counter: 2627
     0 | D:1      | 0 ||| qw: Melee chars always use a shield: true
     0 | D:1      | 0 ||| qw: God list: Okawaru
     0 | D:1      | 0 ||| qw: Allow faded altars: false
     0 | D:1      | 0 ||| qw: Do Orc after clearing Dungeon:15 true
     0 | D:1      | 0 ||| qw: Do second Lair branch before Depths: true
     0 | D:1      | 0 ||| qw: Lair rune preference: random
     0 | D:1      | 0 ||| qw: Goals: Normal
     0 | D:1      | 0 ||| PLANNING D:1-11
   198 | D:1      | Reached skill level 6 in Ranged Weapons
   198 | D:1      | Reached XP level 2. HP: 9/16 MP: 4/4
   865 | D:1      | 865 ||| UPGRADING to +0 ring mail.
   875 | D:1      | 875 ||| DROPPING +0 leather armour.
   876 | D:1      | 876 ||| READING scroll labelled NIANLOIDOR.
   876 | D:1      | 876 ||| IDENTIFYING bubbling coppery potion
   877 | D:1      | 877 ||| READING scroll labelled ENYTHR SINUI.
   877 | D:1      | 877 ||| BRANDING +0 shortbow.
   878 | D:1      | 878 ||| READING scroll labelled SENTAI OSENED.
   878 | D:1      | 878 ||| ENCHANTING +0 shortbow of freezing.
   879 | D:1      | 879 ||| DROPPING scroll of butterflies.
  1026 | D:2      | Reached XP level 3. HP: 20/20 MP: 5/5
  1131 | D:2      | Reached skill level 7 in Ranged Weapons
  1479 | D:2      | 1479 ||| UPGRADING to +0 pair of gloves.
  1484 | D:2      | 1484 ||| UPGRADING to amulet of guardian spirit.
  1489 | D:2      | 1489 ||| READING scroll labelled MIAWKAUGOC.
  1492 | D:2      | 1492 ||| READING scroll labelled TAOTOI BIANEAL.
  1493 | D:2      | 1493 ||| READING scroll labelled ZUDIRCH CEZOTH.
  1494 | D:2      | 1494 ||| READING scroll labelled XYPESS BUANOSHUA.
  1553 | D:3      | Found a runed translucent door.
  1555 | D:3      | Noticed qw's ghost (amateur SpHu)
  1649 | D:3      | Found a faded altar of an unknown god.
  1729 | D:3      | Reached XP level 4. HP: 23/25 MP: 6/6
  2248 | D:3      | Found Coamp's Armour Emporium.
  2256 | D:3      | 2256 ||| BUYING +0 pair of boots (49 gold).
  2256 | D:3      | Bought a +0 pair of boots for 49 gold pieces
  2256 | D:3      | 2256 ||| SHOPLISTING +2 leather armour of fire resistance
                  | (209 gold, have 46).
  2344 | D:3      | 2344 ||| UPGRADING to +0 pair of boots.
  2350 | D:3      | 2350 ||| READING scroll of identify.
  2350 | D:3      | 2350 ||| IDENTIFYING lumpy blue potion
  2375 | D:3      | Reached skill level 8 in Ranged Weapons
  2621 | D:4      | 2621 ||| STAIRDANCE
  2625 | D:4      | 2625 ||| STAIRDANCE
  2640 | D:4      | 2640 ||| DRINKING bubbling grey potion.
  2641 | D:4      | 2641 ||| DRINKING orange potion.
  2663 | D:4      | Reached XP level 5. HP: 20/29 MP: 4/7
  2688 | D:4      | HP: 5/29 [something/puff of flame (4)]
  2693 | D:4      | Killed from afar by an orc wizard

Levels and vault maps discovered:
D:1:      tarquinn_simple_flora_water_d, layout_basic
D:2:      layout_basic, serial_bayou_crossing
D:3:      cheibrodos_pilgrimage, layout_basic, serial_shops, shop,
          ebering_ecumenical_altar_box, gammafunk_ghost_grave, minmay_cupped
D:4:      layout_basic, nicolae_vehumet_altar_sigil

Skill      XL: |  1  2  3  4 |
---------------+-------------+-----
Ranged Weapons | 6 7 8 |  8.5
Fighting       | |  1.5
Dodging        | |  2.4
Stealth        | |  1.2

Action                     |  1- 3 |  4- 6 || total
---------------------------+-------+-------++-------
   Fire: Shortbow          |    92 |    77 ||   169
    Use: Scroll            |     7 |     1 ||     8
         Potion            |       |     2 ||     2
 Armour: Leather armour    |     3 |       ||     3
         Ring mail         |     6 |    87 ||    93
  Dodge: Dodged            |    18 |    42 ||    60

Table legend:
 A = Non-vault XP
 B = Vault XP
 C = Vault XP percentage of total XP
 D = Non-vault monster count
 E = Vault monster count
 F = Vault count percentage of total count
                 A         B        C        D         E       F
            +---------+---------+-------+---------+---------+-------
      Total |     169 |      51 |  23.2 |      53 |       6 |  10.2
            +---------+---------+-------+---------+---------+-------
        D:1 |      26 |       0 |   0.0 |      17 |       0 |   0.0
        D:2 |      45 |       0 |   0.0 |      21 |       0 |   0.0
        D:3 |      58 |      51 |  46.8 |      12 |       6 |  33.3
        D:4 |      40 |       0 |   0.0 |       3 |       0 |   0.0
            +---------+---------+-------+---------+---------+-------
